 Dungeon Crawl Stone Soup version 0.20.1-1-g8b1a95d (webtiles) character file.

14959 cochise the Bludgeoner (level 11, 0/104 HPs)
             Began as a Minotaur Berserker on Sept 17, 2017.
             Was a High Priest of Trog.
             Slain by a crocodile (13 damage)
             ... on level 1 of the Lair of Beasts on Sept 18, 2017.
             The game lasted 01:21:27 (10982 turns).

cochise the Bludgeoner (Minotaur Berserker)        Turns: 10982, Time: 01:21:28

Health: 0/104      AC: 15    Str: 25    XL:     11   Next: 95%
Magic:  10/10      EV: 12    Int:  4    God:    Trog [*****.]
Gold:   717        SH:  0    Dex: 13    Spells: 10/10 levels left

rFire    . . .     SeeInvis +   k - +2 whip (flame)
rCold    . . .     Gourm    .   (no shield)
rNeg     . . .     Faith    .   R - +3 ring mail {rPois}
rPois    +         Spirit   .   (helmet restricted)
rElec    .         Reflect  .   q - +1 cloak
rCorr    .         Harm     .   (no gloves)
MR       ++...                  d - +1 pair of boots
Stlth    +.........             (no amulet)
Regen    1.3/turn               S - +3 ring of dexterity
MPRegen  0.2/turn               U - ring of see invisible

@: berserk cooldown, regenerating, hasted and slowed
A: retaliatory headbutt, horns 2
a: Berserk, Trog's Hand, Brothers in Arms, Burn Spellbooks, Renounce Religion


You were on level 1 of the Lair of Beasts.
You worshipped Trog.
Trog was extremely pleased with you.
You were very hungry.

You visited 2 branches of the dungeon, and saw 13 of its levels.
You also visited: Sewer.

You collected 717 gold pieces.

Inventory:

Hand Weapons
 a - a +0 mace
 k - a +2 whip of flaming (weapon)
 y - a +2 quarterstaff of chaos
 T - a +0 quarterstaff
Missiles
 l - 33 poisoned needles (quivered)
 r - 6 curare-tipped needles
 A - 7 needles of confusion
 O - 4 tomahawks
Armour
 d - a +1 pair of boots (worn)
 q - a +1 cloak (worn)
 t - +0 steam dragon scales
 E - the cursed +1 ring mail "Nunoo" {Dex+4}
   (You found it in a sewer)

   It affects your dexterity (+4).
   It has a curse placed upon it.
 Q - a +0 plate armour
 R - a +3 ring mail of poison resistance (worn)
Magical Staves
 Z - an uncursed staff of air {unknown}
Jewellery
 o - an uncursed amulet of harm
 S - a +3 ring of dexterity (left hand)
 U - a ring of see invisible (right hand)
Wands
 D - a wand of iceblast (10/15)
 G - a wand of polymorph (0/24)
 I - a wand of flame (14/48)
 J - a wand of confusion (13/48)
 L - a wand of flame (22/48)
 N - a wand of lightning (9/15)
 W - a wand of digging (9/24)
Scrolls
 e - a scroll of enchant weapon
 i - a scroll of magic mapping {unknown}
 j - a scroll of blinking
 m - a scroll of random uselessness
 s - a scroll of enchant armour
 w - a scroll of noise {unknown}
 B - 3 scrolls of teleportation
 F - 5 scrolls of remove curse
 H - 2 scrolls of amnesia {unknown}
 M - a scroll of recharging {unknown}
 P - 4 scrolls of fog {unknown}
Potions
 g - a potion of haste
 n - a potion of flight {unknown}
 u - 7 potions of curing
 v - a potion of cancellation {unknown}
 C - a potion of might {unknown}
Comestibles
 b - 4 royal jellies
 c - 8 bread rations
 p - 3 meat rations
 z - 7 fruits


   Skills:
 + Level 11.9 Fighting
 * Level 15.8 Maces & Flails
 + Level 11.9 Armour
 - Level 2.5 Dodging


You had 10 spell levels left.
You didn't know any spells.

Dungeon Overview and Level Annotations

Branches:
Dungeon (12/15)            Temple (0/1) D:5            Lair (1/6) D:10
    Orc (0/2) D:9

Altars:
Cheibriados
Dithmenos
Elyvilon
Fedhas
Gozag
Hepliaklqana
Nemelex Xobeh
Okawaru
Sif Muna
Vehumet
Yredelemnul
The Shining One

Shops:
D:5 [   D:6 ?

Annotations:
D:11 Josephine
D:12 Harold, Nergalle


Innate Abilities, Weirdness & Mutations

You reflexively headbutt those who attack you in melee.
You have a pair of horns on your head.


Message History

Things that are here:
a hippogriff corpse; a bullfrog corpse You are too berserk!
You feel your anger subside.
You are no longer berserk.
You pass out from exhaustion.
You feel yourself slow down.
The crocodile bites you but does no damage.
The crocodile completely misses you.
You can move again.
You closely miss the crocodile. The crocodile bites you!
* * * LOW HITPOINT WARNING * * *
You feel yourself speed up. The crocodile closely misses you.
The crocodile bites you.
* * * LOW HITPOINT WARNING * * *
Your skin crawls.
You feel resistant to hostile enchantments.
You are feeling very hungry.
The crocodile bites you!
You die...

......≈≈≈≈≈≈≈≈≈.......
.....#..≈≈≈≈≈.........
........≈.≈......#P...
......................
#...##[#.........>...
#......#...+##........
#.)...##.....#......#.
#..... #.........#....
#..♣..##@....#........
#.......t♣..##........
#.....#.....#.........
..♣.....%.#.........
.........#....
..>..♣.(##. .#.
.......## .. . ..♣..(#
.. .....# ...


You could see a crocodile.

Vanquished Creatures
  2 hydras
  A two-headed ogre (D:11)
  3 death yaks (D:10)
  Sonja (D:11)
  2 unseen horrors
  Pikel (D:6)
  Joseph (D:9)
  A centaur zombie (D:12)
  A gargoyle (D:10)
  A komodo dragon (Lair:1)
  A meliai (D:11)
  Grinder (D:5)
  A merfolk (D:9)
  2 hippogriffs
  A shadow (D:10)
  2 wraiths (D:10)
  A basilisk (Lair:1)
  A yak (D:10)
  Eustachio (D:5)
  A steam dragon (D:10)
  Menkaure (D:4)
  A hungry ghost (D:10)
  An acid dragon (D:12)
  A water moccasin (Lair:1)
  A porcupine (Lair:1)
  A hornet zombie (D:12)
  4 orc warriors
  5 ice beasts
  A black bear (D:7)
  6 ogres
  The ghost of LaGlobule the Conjurer, an amateur DgCj (D:3)
  5 centaurs
  A crocodile (Lair:1)
  2 big kobolds
  12 bullfrogs
  5 scorpions
  8 killer bees (D:8)
  3 wights (D:8)
  2 howler monkeys (D:12)
  3 crimson imps
  2 quasits
  A bullfrog zombie (D:10)
  A jelly (D:12)
  9 hounds
  Crazy Yiuf (D:3)
  2 bullfrog skeletons
  3 orc priests
  6 orc wizards
  4 iguanas
  3 hell rats (D:10)
  3 worker ants
  A statue (D:7)
  2 hound zombies
  3 hound skeletons
  A howler monkey zombie (D:5)
  Robin (D:3)
  8 gnolls
  15 adders
  A river rat (D:4)
  2 shadow imps
  2 oozes
  3 adder skeletons
  6 worms
  2 dart slugs (D:1)
  5 leopard geckos
  30 orcs
  8 bats
  10 giant cockroaches
  13 goblins
  6 hobgoblins
  9 jackals
  14 kobolds
  7 quokkas
  3 ball pythons
  16 frilled lizards
  A quokka zombie (D:8)
  9 rats
303 creatures vanquished.

Notes
Turn   | Place    | Note
-------+----------+-------------------------------------------
     0 | D:1      | cochise the Minotaur Berserker began the quest for the Orb.
     0 | D:1      | Reached XP level 1. HP: 19/19 MP: 0/0
    35 | D:1      | Reached XP level 2. HP: 24/27 MP: 1/1
    62 | D:1      | Reached skill level 4 in Maces & Flails
   430 | D:1      | Reached XP level 3. HP: 28/33 MP: 2/2
   585 | D:2      | Reached ** piety under Trog
  1179 | D:2      | Reached XP level 4. HP: 34/40 MP: 3/3
  1671 | D:3      | Noticed LaGlobule's ghost (amateur DgCj)
  1684 | D:3      | Killed LaGlobule's ghost
  1684 | D:3      | Reached skill level 5 in Maces & Flails
  1684 | D:3      | Reached XP level 5. HP: 37/47 MP: 4/4
  1694 | D:3      | Noticed Robin
  1701 | D:3      | Killed Robin
  1877 | D:3      | Reached skill level 5 in Fighting
  1944 | D:3      | Reached XP level 6. HP: 49/56 MP: 5/5
  1998 | D:3      | Found a deep blue altar of Sif Muna.
  2011 | D:3      | Reached skill level 6 in Maces & Flails
  2046 | D:3      | Found a runed door.
  2050 | D:3      | Noticed Crazy Yiuf
  2059 | D:3      | Killed Crazy Yiuf
  2257 | D:4      | Reached *** piety under Trog
  2328 | D:4      | Noticed Menkaure
  2332 | D:4      | Killed Menkaure
  2332 | D:4      | Reached skill level 5 in Armour
  2453 | D:4      | Reached XP level 7. HP: 61/61 MP: 6/6
  2496 | D:4      | Reached skill level 7 in Maces & Flails
  2553 | D:4      | Found a glowing golden altar of the Shining One.
  2656 | D:4      | Found a glowing drain.
  2666 | Sewer    | Entered a sewer
  2800 | Sewer    | Reached **** piety under Trog
  2873 | Sewer    | Got a transparent ring mail
  2877 | Sewer    | Identified the cursed +1 ring mail "Nunoo" {Dex+4} (You found it in a sewer)
  3276 | D:5      | Entered Level 5 of the Dungeon
  3282 | D:5      | Found Xeasherch's Armour Shoppe.
  3339 | D:5      | Noticed Grinder
  3355 | D:5      | Paralysed by Grinder for 7 turns
  3382 | D:5      | Paralysed by Grinder for 7 turns
  3395 | D:5      | Killed Grinder
  3395 | D:5      | Reached skill level 8 in Maces & Flails
  3395 | D:5      | Reached XP level 8. HP: 49/71 MP: 7/7
  3866 | D:5      | Noticed Eustachio
  3878 | D:5      | Killed Eustachio
  3878 | D:5      | Reached skill level 9 in Maces & Flails
  3890 | D:5      | Found a staircase to the Ecumenical Temple.
  4131 | D:5      | Found an opulent altar of Gozag.
  4449 | D:6      | Noticed Pikel
  4463 | D:6      | Killed Pikel
  4463 | D:6      | Reached skill level 10 in Maces & Flails
  4463 | D:6      | Reached XP level 9. HP: 68/81 MP: 8/8
  4685 | D:6      | Found Wuyps's Magic Scroll Shop.
  5182 | D:7      | Reached skill level 11 in Maces & Flails
  5266 | D:7      | You fall through a shaft for 2 floors!
  5394 | D:9      | Found a shadowy altar of Dithmenos.
  5496 | D:9      | Found a staircase to the Orcish Mines.
  5875 | D:9      | Noticed Joseph
  5896 | D:9      | Killed Joseph
  6068 | D:9      | Noticed a merfolk
  6079 | D:9      | Killed a merfolk
  6079 | D:9      | Reached skill level 12 in Maces & Flails
  6209 | D:8      | Reached XP level 10. HP: 65/91 MP: 9/9
  6614 | D:8      | Found a white marble altar of Elyvilon.
  6617 | D:8      | Found an iron altar of Okawaru.
  6618 | D:8      | Found a sparkling altar of Nemelex Xobeh.
  6618 | D:8      | Found a blossoming altar of Fedhas.
  6618 | D:8      | Found a hazy altar of Hepliaklqana.
  6622 | D:8      | Found a glowing golden altar of the Shining One.
  6623 | D:8      | Found a snail-covered altar of Cheibriados.
  6624 | D:8      | Found a basalt altar of Yredelemnul.
  6765 | D:8      | Reached ***** piety under Trog
  7491 | D:7      | Found an opulent altar of Gozag.
  7576 | D:7      | Found a radiant altar of Vehumet.
  7753 | D:10     | Entered Level 10 of the Dungeon
  7781 | D:10     | Reached skill level 13 in Maces & Flails
  7810 | D:10     | Reached skill level 10 in Armour
  7929 | D:10     | Noticed a death yak
  7961 | D:10     | Killed a death yak
  7961 | D:10     | Reached skill level 10 in Fighting
  8016 | D:10     | Noticed a death yak
  8140 | D:10     | Noticed a death yak
  8151 | D:10     | Killed a death yak
  8154 | D:10     | Killed a death yak
  8189 | D:10     | Found a staircase to the Lair.
  8215 | D:10     | Reached skill level 14 in Maces & Flails
  8215 | D:10     | Reached XP level 11. HP: 71/101 MP: 10/10
  8658 | D:10     | HP: 5/101 [something (7)]
  8660 | D:10     | HP: 2/101 [something (6)]
  8662 | D:10     | Killed an unseen horror
  9028 | Lair:1   | Entered Level 1 of the Lair of Beasts
  9028 | Lair:1   | Noticed a five-headed hydra
  9048 | D:11     | Noticed Josephine
  9131 | D:11     | Noticed a two-headed ogre
  9140 | D:11     | Killed a two-headed ogre
  9279 | D:11     | Noticed a four-headed hydra
  9294 | D:11     | Killed a four-headed hydra
  9540 | D:11     | Noticed Sonja
  9549 | D:11     | Killed Sonja
  9975 | D:12     | Reached skill level 15 in Maces & Flails
 10166 | D:12     | Noticed an unseen horror
 10185 | D:12     | Killed an unseen horror
 10274 | D:12     | Noticed Harold
 10280 | D:12     | Noticed Nergalle
 10518 | D:10     | Killed a five-headed hydra
 10982 | Lair:1   | Slain by a crocodile

Skill      XL: |  1  2  3  4  5  6  7  8  9 10 11 |
---------------+----------------------------------+-----
Maces & Flails | 4 5 6 8 10 12 14 15 | 15.8
Fighting       | 4 5 6 7 9 10 11 | 11.9
Armour         | 3 4 5 6 7 9 10 11 | 11.9
Dodging        | |  2.5

Action                   |  1- 3 |  4- 6 |  7- 9 | 10-12 || total
-------------------------+-------+-------+-------+-------++-------
Melee: Mace              |    72 |   116 |   151 |       ||   339
       Headbutt          |    11 |    19 |    65 |   135 ||   230
       Whip              |       |       |   167 |   523 ||   690
Throw: Tomahawk          |     1 |       |    10 |     4 ||    15
Invok: Trog's Hand       |       |     2 |     2 |     9 ||    13
       Berserk           |       |     2 |       |     4 ||     6
       Burn Spellbooks   |       |       |       |     2 ||     2
  Use: Scroll            |       |     1 |     6 |    13 ||    20
       Potion            |       |     1 |       |     9 ||    10
 Stab: Sleeping          |     1 |       |       |       ||     1
       Distracted        |       |       |       |     1 ||     1
  Eat: Chunk             |     1 |     6 |    13 |    15 ||    35
       Bread ration      |       |       |       |     2 ||     2
Armor: Animal skin       |    21 |       |       |       ||    21
       Leather armour    |     1 |    32 |       |       ||    33
       Chain mail        |       |       |   100 |       ||   100
       Ring mail         |       |       |    25 |   208 ||   233
       Plate armour      |       |       |     2 |       ||     2
Dodge: Dodged            |    48 |    78 |   160 |   213 ||   499
